 Dungeon Crawl Stone Soup version 0.23-a0-470-g6f7cfd9 (webtiles) character file.

21 wall the Skirmisher (level 2, 0/27 HPs)
             Began as a Hill Orc Berserker on Nov 26, 2018.
             Was a Follower of Trog.
             Slain by an adder (5 damage)
             ... on level 2 of the Dungeon.
             The game lasted 00:02:22 (343 turns).

wall the Skirmisher (Hill Orc Berserker)             Turns: 343, Time: 00:02:22

Health: 0/27       AC:  2    Str: 19    XL:     2   Next: 83%
Magic:  2/2        EV: 12    Int:  7    God:    Trog [*.....]
Gold:   2          SH:  0    Dex: 10    Spells: 1/1 levels left

rFire    . . .     SeeInvis .   a - +0 spear
rCold    . . .     Gourm    .   (no shield)
rNeg     . . .     Faith    .   h - +0 robe
rPois    .         Spirit   .   (no helmet)
rElec    .         Reflect  .   (no cloak)
rCorr    .         Harm     .   (no gloves)
MR       .....                  (no boots)
Stlth    +.........             (no amulet)
HPRegen  0.09/turn              (no ring)
MPRegen  0.08/turn              (no ring)

@: lethally poisoned (0 -> -6)
A: no striking features
a: Berserk, Renounce Religion


You were on level 2 of the Dungeon.
You worshipped Trog.
Trog was aware of your devotion.
You were not hungry.

You visited 1 branch of the dungeon, and saw 2 of its levels.

You collected 2 gold pieces.

Inventory:

Hand Weapons
 a - a +0 spear (weapon)
Armour
 b - a +0 animal skin
 h - a +0 robe (worn)
Scrolls
 e - a scroll of fear {unknown}
 f - a scroll of remove curse {unknown}
 g - a scroll of fog {unknown}
 j - a scroll of enchant weapon {unknown}
Potions
 d - a potion of lignification {unknown}
 i - a potion of curing {unknown}
Comestibles
 c - a ration


   Skills:
 + Level 4.1 Fighting
 + Level 3.8 Polearms
 + Level 2.2 Armour
 + Level 1.7 Dodging


You had one spell level left.
You didn't know any spells.
Your spell library was empty.

Dungeon Overview and Level Annotations

Branches:
Dungeon (2/15)

Altars:


Message History

The giant cockroach closely misses you.
You hit the giant cockroach.
You kill the giant cockroach!
Trog accepts your kill.
You see here a giant cockroach corpse.
An adder comes into view.
You see here a giant cockroach corpse.
The adder hisses angrily.
You see here a giant cockroach corpse.
You see here a giant cockroach corpse.
You see here a +0 club.
You completely miss the adder. The adder misses you.
You barely miss the adder. The adder bites you.
You closely miss the adder. The adder bites you.
You are poisoned.
The adder poisons you!
You closely miss the adder.
You feel sick. The adder bites you.
* * * LOW HITPOINT WARNING * * *
You barely miss the adder. The adder barely misses you. The adder bites you.
You die...

#.#.#.# #.#. ............
#..#.#.#.#.# ..........
#.#.#.#.# ####### #....>..
#.....#############.#.#.#.#.#
................@S†..........
#.....##############..#....#.
##.#### #############.# #..#
#.#..###...#.)#..#(#.# .#
#....#.###...##.##.#.#
###.#..#.###....#..#.#
#+#.#..#.###...†##.#
###.#..#.###.†.#.#
###.#..#.###.#.#


You could see an adder.

Vanquished Creatures
  A dart slug (D:2)
  A leopard gecko (D:2)
  3 giant cockroaches (D:2)
  3 goblins (D:2)
  A hobgoblin (D:1)
  A jackal (D:2)
  A frilled lizard (D:1)
  3 kobolds (D:2)
  3 rats (D:2)
17 creatures vanquished.

Notes
Turn   | Place    | Note
-------+----------+-------------------------------------------
     0 | D:1      | wall the Hill Orc Berserker began the quest for the Orb.
     0 | D:1      | Reached XP level 1. HP: 19/19 MP: 1/1
   101 | D:2      | Reached XP level 2. HP: 14/27 MP: 2/2
   236 | D:2      | Reached skill level 4 in Fighting
   343 | D:2      | Slain by an adder

Vault maps used:
D:1:      saegor_arrival_simple_e
D:2:      minmay_razor_zed, first_ration, st_stairs_10,
          chequers_serial_rivers_large_a, interstate_on_off

Skill      XL: |  1  2 |
---------------+-------+-----
Fighting       | 4 |  4.1
Polearms       | |  3.8
Armour         | |  2.2
Dodging        | |  1.7

Action                   || total
-------------------------++-------
Melee: Spear             ||    64
Armor: Animal skin       ||     1
       Robe              ||     7
Dodge: Dodged            ||    34

Table legend:
 A = Non-vault XP
 B = Vault XP
 C = Vault XP percentage of total XP
 D = Non-vault monster count
 E = Vault monster count
 F = Vault count percentage of total count
                 A         B        C        D         E       F
            +---------+---------+-------+---------+---------+-------
      Total |      21 |       9 |  30.0 |      12 |       5 |  29.4
            +---------+---------+-------+---------+---------+-------
        D:1 |       3 |       0 |   0.0 |       2 |       0 |   0.0
        D:2 |      18 |       9 |  33.3 |      10 |       5 |  33.3
            +---------+---------+-------+---------+---------+-------
